 Dungeon Crawl Stone Soup version 0.30-a0-939-gc8157cb160 (webtiles) character file.

Game seed: 11123842110557797621

16 voltaire321 the Stinger (level 2, 0/18 HPs)
             Began as an Octopode Venom Mage on Mar 25, 2023.
             Slain by a hobgoblin (3 damage)
             ... led by Robin
             ... on level 2 of the Dungeon.
             The game lasted 00:02:09 (872 turns).

voltaire321 the Stinger (Octopode Venom Mage)        Turns: 872, Time: 00:02:10

Health: 0/18       AC:  1    Str:  7    XL:     2   Next: 58%
Magic:  2/5        EV: 13    Int: 17    God:
Gold:   55         SH:  0    Dex: 12    Spells: 2/5 levels left

rFire   . . .      SeeInvis .    b - staff of air
rCold   . . .      Faith    .    (no shield)
rNeg    . . .      Spirit   .    (helmet restricted)
rPois   .          Reflect  .    (no amulet)
rElec   +          Rampage  .    (no ring)
rCorr   .                        (no ring)
Will    .....                    (no ring)
Stlth   +++                      (no ring)
HPRegen 0.23/turn                (no ring)
MPRegen 0.09/turn                (no ring)
                                 (no ring)
                                 (no ring)

@: very slightly contaminated
A: almost no armour, amphibious, 8 rings, camouflage 1, gelatinous body 1,
(nimble swimmer 1), tentacles
a: no special abilities


You were on level 2 of the Dungeon.
You visited 1 branch of the dungeon, and saw 2 of its levels.

You collected 55 gold pieces.

Inventory:

Missiles
 f - a throwing net
Magical Staves
 b - a staff of air (weapon)
Jewellery
 i - a ring of wizardry
Scrolls
 c - a scroll of identify {unknown}
 d - 2 scrolls of magic mapping {unknown}
 e - 2 scrolls of poison {unknown}
Potions
 a - a potion of magic
 g - a potion of cancellation {unknown}
 h - a potion of brilliance {unknown}


   Skills:
 + Level 0.6 Fighting
 + Level 2.1 Dodging
 - Level 2.6 Stealth
 + Level 2.1 Spellcasting
 + Level 1.3 Transmutations
 + Level 0.5 Air Magic
 + Level 3.7 Poison Magic
 + Level 0.6 Evocations


You had 2 spell levels left.
You knew the following spells:

 Your Spells              Type           Power      Damage    Failure   Level
a - Sting                 Tmut/Pois      40%        1d5       7%          1
b - Poisonous Vapours     Pois/Air       26%        N/A       12%         2

Your spell library contained the following spells:

 Spells                   Type           Power      Damage    Failure   Level
 Ensorcelled Hibernation  Hex/Ice        2%         N/A       28%         2
 Spider Form              Tmut/Pois      10%        N/A       21%         3
 Mephitic Cloud           Conj/Pois/Air  10%        N/A       32%         3
 Olgreb's Toxic Radiance  Pois           14%        N/A       38%         4
 Anguish                  Hex/Necr       0%         N/A       88%         4


Dungeon Overview and Level Annotations

Branches:
Dungeon (2/15)

Altars:

Shops:
D:1 (

Annotations:
D:2 Robin


Innate Abilities, Weirdness & Mutations

You cannot wear most types of armour.
You are amphibious.
You can wear up to eight rings at the same time.
Your skin changes colour to match your surroundings (Stealth+).
Your rubbery body absorbs attacks. (AC +1, EV +1)
((You are camouflaged when in or above water. (Stealth+)))
You have tentacles for arms and can constrict up to eight enemies at once.


Message History

The sting hits the goblin.
The goblin is poisoned.
The goblin is severely wounded.
The goblin shouts!
The hobgoblin shouts!
You hear a shout!
A ball python comes into view.
Robin throws the goblin at you! The goblin hits you with a +0 dagger.
The goblin closely misses you.
A hobgoblin comes into view.
Aiming: Sting (safe; 7% risk of failure)
Press: ? - help, Q - select action, (/) - cycle Shift-Dir - straight line, f - goblin, p - goblin
Aim: a goblin, wielding a +0 dagger (64% to hit)
You miscast Sting.
You are very lightly contaminated with residual magic.
Nothing appears to happen.
The hobgoblin shouts!
The ball python hisses angrily.
Robin's bangles clink loudly.
Robin drinks a potion.
Robin suddenly seems more resistant.
The goblin hits you with a +0 dagger. The goblin closely misses you.
A goblin comes into view. It is wielding a +0 dagger.
The hobgoblin closely misses you.
The goblin hits you with a +0 dagger. x2
The goblin hits you with a +0 club.
* * * LOW HITPOINT WARNING * * *
A goblin comes into view. It is wielding a +0 club.
The goblin attacks as you move away! The goblin hits you but does no damage.
You kill the goblin!
Robin says, "Duck!"
Robin throws the goblin at you!
* * * LOW HITPOINT WARNING * * *
The goblin misses you.
You closely miss the goblin. You grab the goblin. You constrict the goblin.
The hobgoblin closely misses you. The goblin barely misses you.
The goblin misses you. The goblin closely misses you.
You hit the goblin. Your squeeze misses the goblin.
The goblin is almost dead.
You constrict the goblin.
You kill the goblin!
An endoplasm comes into view.
The hobgoblin hits you.
You die...

#....#..#...##
.#.......#.....
#...........#
#......<.#.#
#........#.#
#..........#
#.#........#
......#..))#
.....?+.g@.#
.....##.gg.#
..### #..g.#
#....# #..g.#
#gg..# #S(..#
#J...# ......


You could see Robin (resistant), an endoplasm (wandering), 3 hobgoblins, 3
goblins and a ball python.

Vanquished Creatures
  A giant cockroach (D:1)
  4 goblins
  2 hobgoblins
  4 jackals (D:1)
  A ball python (D:1)
  A frilled lizard (D:1)
  2 kobolds
15 creatures vanquished.

Notes
Turn   | Place    | Note
-------+----------+-------------------------------------------
     0 | D:1      | voltaire321 the Octopode Venom Mage began the quest for the
                  | Orb.
     0 | D:1      | Reached XP level 1. HP: 11/11 MP: 3/3
   369 | D:1      | Found Beigaed's Weapon Shop.
   394 | D:1      | Reached XP level 2. HP: 17/17 MP: 5/5
   458 | D:1      | Learned a level 2 spell: Poisonous Vapours
   863 | D:2      | Noticed Robin
   872 | D:2      | Slain by a hobgoblin

Illustrated notes

Levels and vault maps discovered:
D:1:      sevenhm_arrival_forest_fort_large_2, layout_basic, serial_shops,
          nicolae_shop_bloodbath_and_beyond
D:2:      layout_basic, uniq_robin

Action                     || total
---------------------------++-------
  Melee: Staff             ||    24
         Tentacles         ||     5
         Constrict         ||     5
         Punch             ||     1
   Cast: Sting             ||    12
   Stab: Distracted        ||     1
 Armour: Skin              ||     4
  Dodge: Dodged            ||    24

Table legend: (Time is in decaauts)
 A = Elapsed time spent in this place.
 B = Non-inter-level travel time spent in this place.
 C = Inter-level travel time spent in this place.
 D = Time resting spent in this place.
 E = Time spent auto-exploring this place.
 F = Levels seen in this place.
 G = Mean time per level.
                   A        B        C        D        E       F      G
               +--------+--------+--------+--------+--------+-----+--------+
         Total |    875 |    822 |     53 |     46 |    661 |   2 |  437.5 |
       Dungeon |    875 |    822 |     53 |     46 |    661 |   2 |  437.5 |
               +--------+--------+--------+--------+--------+-----+--------+

Top non-repeatable levels by time:
     D:1: 858 daAuts
     D:2: 17 daAuts
